 Dungeon Crawl Stone Soup version 0.31-a0-532-g28f74ba3e5 (webtiles) character file.

Game seed: 18151912903020791271

2888137 Midn8 the Grand Master (level 26, 258/258 HPs)
             Began as a Red Draconian Fighter on Aug 12, 2023.
             Was the Champion of Makhleb.
             Escaped with the Orb
             ... and 4 runes on Aug 13, 2023!
             The game lasted 03:29:00 (49575 turns).

Midn8 the Grand Master (Red Draconian Fighter)     Turns: 49575, Time: 03:29:00

Health: 258/258    AC: 15    Str: 19    XL:     26   Next: 18%
Magic:  32/32      EV: 54    Int: 11    God:    Makhleb [******]
Gold:   6013       SH:  0    Dex: 20    Spells: 21/29 levels left

rFire   . .          .
                       - Unarmed
rCold   + . .        a - melded +1 buckler {rC+}
rNeg    . . .        (body armour unavailable)
rPois   ∞            (helmet currently unavailable)
rElec   +            P - melded scarf "Ikacvil" {+Inv, +Blink Regen+}
rCorr   .            R - melded +1 pair of gloves "Godaom" {rF+ rCorr}
SInv    .            U - melded +2 pair of boots {rampage}
Will    ++...        v - amulet of the Centaur {Acrobat Will+ Regen+}
Stlth   +            i - ring "Disecsad" {rC+ Slay+4}
HPRegen 1.43/turn    K - ring of the Hare {EV+10}
MPRegen 0.23/turn

%: acrobat
@: storm-form, flying, studying Ranged Weapons
A: cleaving, insubstantial, flying, (breathe fire), AC +12, unfitting armour,
(fire resistance 1), (cold-blooded), (camouflage 1)
0: Orb of Zot
}: 4/15 runes: barnacled, slimy, silver, gossamer
a: Blinkbolt, Begin Untransformation, Renounce Religion, Minor Destruction,
Lesser Servant of Makhleb, Major Destruction, Greater Servant of Makhleb


You escaped.
You worshipped Makhleb.
Makhleb was exalted by your worship.
You were a lightning-filled tempest!
You visited 10 branches of the dungeon, and saw 52 of its levels.
You also visited: Gauntlet, Ice Cave and Wizlab.

You collected 9805 gold pieces.
You spent 3792 gold pieces at shops.

Inventory:

Missiles
 t - 9 throwing nets
 Q - 12 curare-tipped darts
Armour
 a - a +1 buckler of cold resistance (melded)
 A - a +2 cloak
 P - the scarf "Ikacvil" (melded) {+Inv, +Blink Regen+}
   (You found it on level 4 of the Spider Nest)

   +Blink:    It lets you blink.
   Regen+:    It increases your rate of health regeneration.
 R - the +1 pair of gloves "Godaom" (melded) {rF+ rCorr}
   (You found it on level 14 of the Dungeon)

   rF+:       It protects you from fire.
   rCorr:     It protects you from acid and corrosion.
 U - a +2 pair of boots of rampaging (melded)
Jewellery
 i - the ring "Disecsad" (left fist) {rC+ Slay+4}
   (You found it on level 4 of the Shoals)

   [ring of slaying]

   Slay+4:    It affects your accuracy & damage with ranged weapons and melee
   (+4).
   rC+:       It protects you from cold.
 v - the amulet of the Centaur (around neck) {Acrobat Will+ Regen+}
   (You found it on level 6 of the Dungeon)

   [amulet of the acrobat]

   Acrobat:   It increases your evasion while moving and waiting.
   Will+:     It increases your willpower.
   Regen+:    It increases your rate of health regeneration.
 C - a +6 ring of strength
 K - the ring of the Hare (right fist) {EV+10}
   (You found it on level 5 of the Pits of Slime)

   [ring of evasion]

   EV+10:     It affects your evasion (+10).
 L - the amulet of Vitality {RegenMP++ Regen++}
   (You found it on level 1 of the Vaults)

   [amulet of magic regeneration]

   RegenMP:   It increases your rate of magic regeneration.
   Regen++:   It increases your rate of health regeneration.
 O - the macabre finger necklace {Finger+ rN+}
   (You found it on level 5 of the Vaults)

   [amulet of nothing]

   Finger+:   It enables you to equip an extra ring.
   rN+:       It protects you from negative energy.
Talismans
 E - a storm talisman (active)
 G - a granite talisman
Wands
 h - a wand of digging (19)
 q - a wand of polymorph (35)
 y - a wand of paralysis (79)
 B - a wand of roots (96)
 I - a wand of flame (100)
 S - a wand of acid (15)
 Y - a wand of mindburst (32)
Scrolls
 c - 23 scrolls of teleportation
 f - 12 scrolls of vulnerability
 g - a scroll of revelation
 j - 9 scrolls of amnesia
 s - 8 scrolls of blinking
 w - 9 scrolls of immolation
 x - 4 scrolls of poison
 F - 6 scrolls of fear
 H - 3 scrolls of enchant armour
 J - a scroll of brand weapon
 M - 5 scrolls of summoning
 V - 9 scrolls of fog
 X - 2 scrolls of silence
Potions
 b - 5 potions of might
 e - 9 potions of heal wounds
 l - 9 potions of brilliance
 m - 7 potions of mutation
 n - 20 potions of curing
 o - 9 potions of magic
 r - 5 potions of ambrosia
 u - 5 potions of enlightenment
 z - 4 potions of resistance
 T - 6 potions of invisibility
 W - 6 potions of berserk rage
 Z - 3 potions of haste
Miscellaneous
 d - a sack of spiders
 k - a lightning rod (4/4)
 p - a phial of floods
 D - a tin of tremorstones (2/2)
 N - a phantom mirror


   Skills:
 + Level 25.0 Fighting
 - Level 16.0 Dodging
 - Level 3.0 Shields
 O Level 27 Unarmed Combat
 - Level 2.0 Spellcasting
 - Level 6.0 Ice Magic
 - Level 12.0 Invocations
 - Level 12.0 Evocations
 - Level 21.0 Shapeshifting


You had 21 spell levels left.
You knew the following spells:

 Your Spells              Type           Power      Damage    Failure   Level
f - Frozen Ramparts       Ice            28%        1d5       8%          3
z - Ozocubu's Armour      Ice            14%        N/A       8%          3
B - Blink                 Tloc           2%         N/A       41%         2

Your spell library contained the following spells:

 Spells                   Type           Power      Damage    Failure   Level
 Ensorcelled Hibernation  Hex/Ice        14%        N/A       13%         2
 Apportation              Tloc           2%         N/A       28%         1
 Foxfire                  Conj/Fire      4%         2x1d4     28%         1
 Kiss of Death            Conj/Necr      4%         2d5       28%         1
 Slow                     Hex            4%         N/A       28%         1
 Summon Small Mammal      Summ           4%         N/A       28%         1
 Cigotuvi's Dreadful Rot  Necr/Pois/Air  2%         N/A       41%         2
 Lesser Beckoning         Tloc           2%         N/A       41%         2
 Passwall                 Tmut/Erth      0%         N/A       41%         2
 Poisonous Vapours        Pois/Air       2%         N/A       41%         2
 Scorch                   Fire           2%         2d5       41%         2
 Wereblood                Tmut           1%         N/A       41%         2
 Summon Ice Beast         Ice/Summ       7%         N/A       63%         4
 Call Canine Familiar     Summ           1%         N/A       65%         3
 Confusing Touch          Hex            1%         N/A       65%         3
 Dazzling Flash           Conj/Hex       2%         N/A       65%         3
 Gell's Gravitas          Tloc           1%         N/A       65%         3
 Ignite Poison            Fire/Tmut/Pois 1%         N/A       65%         3
 Mephitic Cloud           Conj/Pois/Air  1%         N/A       65%         3
 Portal Projectile        Hex/Tloc       2%         N/A       65%         3
 Stone Arrow              Conj/Erth      2%         3d7       65%         3
 Summon Guardian Golem    Hex/Summ       1%         N/A       65%         3
 Swiftness                Air            1%         N/A       65%         3
 Teleport Other           Tloc           1%         N/A       65%         3
 Tukima's Dance           Hex            1%         N/A       65%         3
 Vampiric Draining        Necr           1%         2d6       65%         3
 Vhi's Electric Charge    Tloc/Air       2%         N/A       65%         3
 Volatile Blastmotes      Fire/Tloc      2%         2d10      65%         3
 Metabolic Englaciation   Hex/Ice        3%         N/A       93%         5
 Anguish                  Hex/Necr       0%         N/A       96%         4
 Animate Dead             Necr           1%         N/A       96%         4
 Dispel Undead            Necr           1%         3d6       96%         4
 Flame Wave               Conj/Fire      1%         2d4       96%         4
 Fulminant Prism          Conj/Hex       0%         3d5       96%         4
 Iskenderun's Mystic Bla  Conj/Tloc      1%         2d3       96%         4
 Manifold Assault         Tloc           1%         N/A       96%         4
 Passage of Golubria      Tloc           1%         N/A       96%         4
 Petrify                  Tmut/Erth      1%         N/A       96%         4
 Sticky Flame             Conj/Fire      1%         2d3       96%         4
 Freezing Cloud           Conj/Ice/Air   2%         6-21      98%         5
 Agony                    Necr           1%         N/A       100%        5
 Alistair's Intoxication  Tmut/Pois      0%         N/A       100%        5
 Arcjolt                  Conj/Air       0%         1d10      100%        5
 Borgnjor's Vile Clutch   Necr/Erth      0%         N/A       100%        5
 Irradiate                Conj/Tmut      0%         3d11      100%        5
 Iskenderun's Battlesphe  Conj           1%         2d6       100%        5
 Silence                  Hex/Air        0%         N/A       100%        5
 Summon Forest            Summ/Tloc      0%         N/A       100%        5
 Summon Mana Viper        Hex/Summ       1%         N/A       100%        5
 Yara's Violent Unravell  Hex/Tmut       0%         3d3       100%        5
 Death Channel            Necr           0%         N/A       100%        6
 Dispersal                Tloc           0%         N/A       100%        6
 Eringya's Noxious Bog    Tmut/Pois      0%         4d6       100%        6
 Leda's Unmaking          Conj/Erth      0%         9d1       100%        6
 Plasma Beam              Fire/Air       0%         2x1d10    100%        6
 Simulacrum               Ice/Necr       3%         N/A       100%        6
 Starburst                Conj/Fire      0%         6d3       100%        6
 Summon Cactus Giant      Summ           0%         N/A       100%        6
 Haunt                    Necr/Summ      0%         N/A       100%        7
 Malign Gateway           Summ/Tloc      0%         N/A       100%        7
 Monstrous Menagerie      Summ           0%         N/A       100%        7
 Orb of Destruction       Conj           0%         9d5       100%        7
 Ozocubu's Refrigeration  Ice            7%         4d9       100%        7
 Spellforged Servitor     Conj/Summ      0%         N/A       100%        7
 Borgnjor's Revivificati  Necr           0%         N/A       100%        8
 Disjunction              Tloc           0%         N/A       100%        8
 Ignition                 Fire           0%         3d3       100%        8
 Infestation              Necr           0%         N/A       100%        8
 Lehudib's Crystal Spear  Conj/Erth      0%         10d2      100%        8
 Maxwell's Capacitive Co  Air            0%         ∞         100%        8
 Summon Horrible Things   Summ           0%         N/A       100%        8
 Chain Lightning          Conj/Air       0%         2d1       100%        9
 Death's Door             Necr           0%         N/A       100%        9
 Fire Storm               Conj/Fire      0%         6d1       100%        9
 Polar Vortex             Ice            7%         N/A       100%        9
 Shatter                  Erth           0%         3d5*      100%        9
 Sublimation of Blood     Necr           Unusable   N/A       N/A         2
 Animate Armour           Summ/Erth      Unusable   N/A       N/A         4

Dungeon Overview and Level Annotations

Branches:
Dungeon (15/15)            Temple (0/1) D:4            Lair (5/5) D:9
 Shoals (4/4) Lair:3       Spider (4/4) Lair:3        Slime (5/5) Lair:4
    Orc (2/2) D:10            Elf (0/3) Orc:2        Vaults (5/5) D:14
  Crypt (3/3) Vaults:2       Tomb (0/3) Crypt:3      Depths (4/4) D:15
    Zot (5/5) Depths:4      IceCv (visited)          WizLab (visited)
Gauntlet (visited)

Altars:
Ashenzari
Cheibriados
Elyvilon
Gozag
Kikubaaqudgha
Makhleb
Nemelex Xobeh
Sif Muna
Uskayaw
Xom
Zin
The Shining One
Jiyva

Shops:
D:7 ?!   D:8 (   D:10 !   D:15 (   Orc:2 [([=[   Shoals:3 *   Vaults:1 ?
Vaults:5 [   Depths:3 !

Portals:
Hell: Depths:1 Depths:2 Depths:3 Depths:4
Abyss: Depths:3
Pandemonium: Depths:2 Depths:4
Ziggurat: Depths:4

Annotations:
Shoals:2 3 runed translucent doors, exclusion: obsidian statue, epsilonplus's ghost, adept VSGl
Depths:1 2 transporters, Camaan's ghost, adept DgCj; Notoschet's ghost, adept DsFi; Walofim's ghost, adept DrSh
Depths:3 3 runed translucent doors
Zot:5 1 exclusion


Innate Abilities, Weirdness & Mutations

You are a lightning-filled tempest!
Your electrical attacks strike out in all directions at once.
You are incredibly evasive.
Your insubstantial body is immune to petrification, constriction, and being set on fire You are flying.
Your armour is entirely melded.
You are incapable of wielding weapons or throwing items.
((You can breathe blasts of fire.))
((Your fiery red scales are hard. (AC +12)))
You cannot fit into any form of body armour.
You are immune to poison.
((Your flesh is heat resistant. (rF+)))
((You are cold-blooded and may be slowed by cold attacks.))
((Your skin changes colour to match your surroundings (Stealth+).))


Message History

There is a stone staircase leading up here.
You fly upwards.
There is a stone staircase leading down here.
A reaper comes into view. It is wielding a +4 scythe of venom.
Aiming: Blinkbolt
Press: ? - help, Dir - move target, f - reaper
Aim: a reaper, wielding a +4 scythe of venom (94% to hit)
The shock of your passage hits the reaper.
The reaper is lightly wounded.
You blink.
The reaper hits you with a +4 scythe of venom!!
You barely miss the reaper. You punch the reaper.
The reaper is lightly wounded.
You blast the reaper!!!
Your punch misses the reaper.
The reaper is severely wounded.
The reaper completely misses you.
You barely miss the reaper.
The reaper is severely wounded.
You blast the reaper!!!!
You kill the reaper!
Makhleb accepts your kill.
You feel better.
What level of the Dungeon? (default 1, ? - help) HP restored.
You feel energetic enough to blinkbolt again.
There is a stone staircase leading up here.
You fly upwards.
There is a stone staircase leading down here.
There is a stone staircase leading up here.
You fly upwards.
There is a stone staircase leading down here.
Viskegou comes into view.
Viskegou moves out of view.
There is a stone staircase leading up here.
You fly upwards.
There is a stone staircase leading down here.
There is a large open door here.
There is a large open door here.
There is a staircase leading out of the dungeon here.
You have escaped!

#..#.....##.#
#.#......
#..#..⌠..##.#
#.#......
#..#.....##.#
#####.#.....#
#..+..8..##.#
#...#.#.....#
####.....##.#
#...#.#.....#
##+#####.#
#.....#....##
#...####+#
##+##.#....##
#...##...#
#.#..'......
#.>.''.v.#
#.#.##......
#...##...#
#...##.#'#..
#...######
######.#.#..
#...# #.#.#.#
##[###
#.#.#.#
#...##
#.#.#.#
###..#
#.#...# ##.#
#.###.# #.##
#.###..


There were no monsters in sight!

Vanquished Creatures
  the Royal Jelly (Slime:5)
  3 dread liches
  2 ancient liches
  6 orbs of fire (Zot:5)
  A juggernaut (Depths:3)
  A royal mummy (WizLab)
  Frederick (Crypt:3)
  Xtahua (Vaults:4)
  5 caustic shrikes (Depths:3)
  8 golden dragons
  A bone dragon (Depths:4)
  Arachne (Spider:4)
  2 electric golems
  A Brimstone Fiend (D:8)
  A walking crystal tome (Depths:3)
  2 Hell Sentinels
  An Ice Fiend (Zot:5)
  9 tentacled monstrosities
  25 Orb Guardians
  3 liches
  6 titans
  13 acid blobs
  2 quicksilver dragons (Vaults:5)
  The ghost of Juakinleluo the Scorcher, an adept HOFE of Vehumet (Shoals:3)
  2 death cobs (Zot:5)
  4 sphinxes
  3 ancient champions
  2 Executioners (D:5)
  Aizul (Vaults:4)
  Roxanne (D:14)
  2 revenants (Crypt:2)
  5 draconian monks
  Kirke (Lair:3)
  6 azure jellies (Slime:5)
  10 rockslimes
  10 shadow dragons
  10 storm dragons
  5 tengu reavers
  A daeva (Zot:3)
  6 draconian knights
  3 deep elf sorcerers (Vaults:5)
  5 emperor scorpions
  28 vault wardens
  9 fire giants
  9 frost giants
  2 draconian scorchers (Zot:5)
  An iron dragon (Vaults:5)
  Louise (D:15)
  5 ghost moths
  2 curse skulls
  5 ghouls (Crypt:1)
  4 draconian stormcallers
  A ghost moth (shapeshifter) (Vaults:3)
  An angel (Depths:2)
  8 draconian annihilators
  A broodmother (shapeshifter) (Vaults:2)
  2 spriggan defenders (Depths:2)
  6 quicksilver oozes
  A cacodemon (Depths:4)
  4 formless jellyfish
  4 orc warlords
  19 stone giants
  5 vampire knights
  4 reapers
  14 very ugly things
  3 broodmothers
  25 ironbound preservers
  5 war gargoyles
  16 ironbound thunderhulks
  A deep elf annihilator (Vaults:5)
  8 white draconians
  5 green draconians
  18 dire elephants
  2 purple draconians
  7 red draconians
  14 spark wasps
  A minotaur (Gauntlet)
  A black draconian (Zot:5)
  5 yellow draconians
  8 eidola
  10 merfolk javelineers
  3 mummy priests (WizLab)
  7 jiangshi
  3 deep elf death magi
  13 ettins
  2 crystal guardians (Vaults:3)
  13 fire dragons
  4 merfolk impalers
  9 entropy weavers
  19 yaktaur captains
  11 great orbs of eyes
  Josephine (Lair:3)
  2 peacekeepers (Vaults:3)
  4 ogre magi
  9 ice dragons
  4 deep elf high priests (Vaults:5)
  Harold (Orc:1)
  8 hydras
  41 vault guards
  5 radroaches
  3 spriggan skeletons
  2 anacondas (shapeshifter)
  6 spriggan air magi
  4 merfolk aquamancers
  2 rakshasas (Depths:1)
  10 ironbound frosthearts
  An alligator snapping turtle (Shoals:4)
  2 death knights
  5 boulder beetles
  A catoblepas (Gauntlet)
  6 jorogumos
  8 centaur warriors
  12 two-headed ogres
  4 deep troll shamans
  4 deep troll earth magi
  3 death yaks (Lair:5)
  6 tengu warriors
  9 demonic crawlers
  4 spriggan berserkers
  7 vampire magi
  2 orc high priests (Orc:2)
  3 spriggans (Depths:2)
  5 iron trolls
  Sonja (Lair:3)
  4 soul eaters
  25 hell knights
  A deep elf knight (Vaults:5)
  A sixfirhy (Depths:2)
  15 skeletal warriors
  A death drake (shapeshifter) (Vaults:5)
  A spark wasp zombie (WizLab)
  3 skysharks
  7 sea snakes
  7 pharaoh ants
  A titan skeleton (Crypt:3)
  2 shadow wraiths (Crypt:3)
  11 flayed ghosts
  4 sun moths
  73 deep trolls
  9 orb spiders
  A salamander mystic (Depths:3)
  A shadow demon (Depths:2)
  4 swamp dragons
  A glowing orange brain (Depths:2)
  An obsidian statue (IceCv)
  19 phantasmal warriors
  2 bog bodies
  11 wizards
  An anaconda skeleton (Crypt:2)
  3 spriggan simulacra (IceCv)
  2 lindwurms
  28 ironbound convokers
  4 steelbarb worms
  2 tengu zombies (WizLab)
  15 harpies
  A steelbarb worm (shapeshifter) (Vaults:5)
  6 orc knights
  4 oklob plants (Lair:3)
  A sphinx zombie (WizLab)
  2 frost giant zombies (WizLab)
  A golden dragon skeleton (Crypt:1)
  5 orc sorcerers
  5 deep elf pyromancers
  30 ugly things
  A fire giant zombie (Crypt:1)
  10 necromancers
  18 wolf spiders
  4 salamanders (Depths:3)
  11 cyclopes
  6 fauns
  16 manticores
  A shining eye (Slime:4)
  A stone giant zombie (WizLab)
  20 moths of wrath
  Maurice (D:13)
  A demonspawn zombie (WizLab)
  30 vault sentinels
  6 smoke demons
  2 black mambas (Lair:1)
  A rust devil (Gauntlet)
  An elf zombie (WizLab)
  12 elephants
  A water nymph (shapeshifter) (Vaults:3)
  A molten gargoyle (Gauntlet)
  9 merfolk sirens
  An eye of devastation (shapeshifter) (Vaults:5)
  An eye of devastation (Slime:4)
  6 gargoyles
  An orange demon (Depths:2)
  A centaur skeleton (Crypt:3)
  3 torpor snails
  Maggie (D:10)
  15 cane toads
  A stone giant skeleton (Crypt:3)
  4 unseen horrors
  4 water nymphs
  A purple draconian zombie (Crypt:2)
  3 kobold demonologists
  A spriggan zombie (WizLab)
  6 rime drakes
  16 komodo dragons
  4 tengu conjurers
  26 yaktaurs
  2 anaconda simulacra (IceCv)
  4 ice devils
  A red devil (Crypt:3)
  A hydra zombie (Crypt:2)
  6 guardian mummies
  19 freezing wraiths
  13 polar bears
  5 trolls
  27 merfolk
  12 meliai
  A queen bee (shapeshifter) (D:15)
  A hornet (shapeshifter) (D:13)
  Grinder (D:5)
  3 wind drakes
  An ettin zombie (WizLab)
  5 hornets
  2 hellwings (Depths:4)
  An ice dragon zombie (Crypt:1)
  2 harpy skeletons (Crypt:3)
  42 tarantellas
  2 raiju (Lair:5)
  14 blink frogs
  A death drake skeleton (Crypt:2)
  A snapping turtle (shapeshifter) (Depths:3)
  7 snapping turtles
  3 shadows
  2 centaur simulacra (D:11)
  2 dire elephant simulacra (IceCv)
  31 jumping spiders
  An ice dragon skeleton (Crypt:1)
  37 slime creatures
  21 water elementals
  28 culicivoras
  A large abomination (D:5)
  An ushabti (Crypt:3)
  4 wyverns
  17 flying skulls
  3 golden eyes (Slime:4)
  22 wraiths
  2 basilisks
  41 yaks
  A golden eye (shapeshifter) (Depths:3)
  A naga simulacrum (Crypt:1)
  2 hogs (Lair:3)
  18 humans (D:14)
  85 redbacks
  5 vampire mosquitoes
  A chaos spawn (D:9)
  9 wargs
  3 minotaur simulacra (IceCv)
  2 harpy simulacra (IceCv)
  A demonspawn skeleton (Crypt:1)
  3 acid dragons
  Duvessa (D:7)
  9 water moccasins
  15 hell hounds (Lair:5)
  A floating eye (shapeshifter) (Vaults:2)
  A naga skeleton (Crypt:3)
  A floating eye (Slime:5)
  A sky beast (shapeshifter) (Vaults:5)
  A swamp drake (Lair:5)
  9 ogres
  16 black bears
  6 ice beasts
  An ice beast (shapeshifter) (D:13)
  19 wolves
  An ettin simulacrum (IceCv)
  41 orc warriors
  A snapping turtle skeleton (Crypt:2)
  7 centaurs
  2 phantoms
  7 kobold brigands
  15 bullfrogs
  2 gnoll sergeants
  An elf skeleton (Crypt:1)
  2 necrophages
  A scorpion (D:4)
  5 deep troll simulacra (IceCv)
  A wyvern skeleton (Crypt:2)
  Dowan (D:7)
  4 wights (D:7)
  A shapeshifter zombie (Crypt:1)
  A lindwurm simulacrum (IceCv)
  3 electric eels
  A raiju skeleton (Crypt:2)
  3 crimson imps (Depths:1)
  4 iron imps (Gauntlet)
  11 jellies
  5 hounds
  2 gnoll boudas
  23 orc priests
  2 sleepcaps
  A boggart zombie (Crypt:2)
  3 iguanas
  28 orc wizards
  5 hell rats (Lair:2)
  A naga zombie (Crypt:1)
  7 mummies (Crypt:3)
  26 gnolls
  7 adders
  3 shadow imps
  5 white imps
  4 ufetubi
  A worm (D:3)
  7 dart slugs
  103 orcs
  5 bats
  5 endoplasms
  3 giant cockroaches
  3 goblins
  10 hobgoblins
  8 jackals
  3 quokkas
  8 ball pythons
  4 frilled lizards
  36 kobolds
  An orc zombie (Crypt:1)
  9 rats
2316 creatures vanquished.

Vanquished Creatures (collateral kills)
  A very ugly thing (Shoals:2)
  Urug (Lair:1)
  7 ugly things (Shoals:2)
  A merfolk siren (Shoals:2)
  A cane toad (D:9)
  A merfolk (Shoals:2)
  2 blink frogs (D:9)
  2 yaks (Lair:1)
  An orc priest (Orc:1)
  3 orcs (Orc:1)
20 creatures vanquished.

Vanquished Creatures (others)
  An ironbound thunderhulk (Vaults:4)
  A deep elf high priest (Vaults:5)
  A rime drake (Lair:5)
  An unseen horror (D:12)
  A jumping spider (Spider:2)
  2 humans (Lair:3)
  An orc wizard (Orc:2)
  An orc (Orc:2)
9 creatures vanquished.

Grand Total: 2345 creatures vanquished

Notes
Turn   | Place    | Note
-------+----------+-------------------------------------------
     0 | D:1      | Midn8 the Draconian Fighter began the quest for the Orb.
     0 | D:1      | Reached XP level 1. HP: 19/19 MP: 1/1
   170 | D:1      | Reached XP level 2. HP: 26/26 MP: 2/2
   350 | D:1      | Reached skill level 3 in Unarmed Combat
   559 | D:1      | Found a faded altar of an unknown god.
   567 | D:1      | Prayed at the altar of an unknown god.
   567 | D:1      | Became a worshipper of Makhleb the Destroyer
   567 | D:1      | Reached * piety under Makhleb
   694 | D:1      | Reached XP level 3. HP: 26/31 MP: 3/3
  1150 | D:2      | Reached skill level 4 in Unarmed Combat
  1384 | D:2      | Reached XP level 4. HP: 38/38 MP: 4/4
  1747 | D:3      | Reached ** piety under Makhleb
  1792 | D:3      | Identified the +2 ring mail "Taore" {rF+ Regen+ Dex+2}
  1885 | D:3      | Reached skill level 5 in Unarmed Combat
  2213 | D:3      | Reached XP level 5. HP: 45/45 MP: 5/5
  2349 | D:4      | Noticed a phantom
  2361 | D:4      | Killed a phantom
  2362 | D:4      | Reached skill level 6 in Unarmed Combat
  2362 | D:4      | Reached skill level 1 in Invocations
  2479 | D:4      | Found a staircase to the Ecumenical Temple.
  2520 | D:4      | Found a sparkling altar of Nemelex Xobeh.
  2528 | D:4      | Noticed an ogre
  2535 | D:4      | Killed an ogre
  2536 | D:4      | Reached XP level 6. HP: 51/51 MP: 6/8
  2653 | D:4      | Found a shimmering blue altar of Sif Muna.
  2664 | D:4      | Found a white marble altar of Elyvilon.
  2874 | D:4      | Found a snail-covered altar of Cheibriados.
  2974 | D:4      | Reached skill level 7 in Unarmed Combat
  2974 | D:4      | Your scales start taking on a fiery red colour.
  2974 | D:4      | Reached XP level 7. HP: 57/57 MP: 9/9
  2974 | D:4      | Gained mutation: Your flesh is heat resistant. (rF+) [Red
                  | Draconian growth]
  3194 | D:5      | Entered Level 5 of the Dungeon
  3354 | D:5      | Reached *** piety under Makhleb
  3355 | D:5      | Reached skill level 8 in Unarmed Combat
  3529 | D:5      | Noticed Grinder
  3540 | D:5      | Killed Grinder
  3541 | D:5      | Reached skill level 5 in Fighting
  3541 | D:5      | Reached XP level 8. HP: 68/68 MP: 10/10
  4370 | D:6      | Identified the amulet of the Centaur {Acrobat Will+ Regen+}
  4424 | D:6      | Reached skill level 5 in Shapeshifting
  4680 | D:7      | Reached **** piety under Makhleb
  4714 | D:7      | Found Oxkyrux's Magic Scroll Shoppe.
  4766 | D:7      | Bought a scroll of teleportation for 48 gold pieces
  4766 | D:7      | Bought a scroll of identify for 32 gold pieces
  4766 | D:7      | Bought a scroll of identify for 32 gold pieces
  4766 | D:7      | Bought a scroll of poison for 64 gold pieces
  4896 | D:7      | Found Qeuddead's Distillery.
  4904 | D:7      | Bought a potion of resistance for 140 gold pieces
  5001 | D:7      | Reached XP level 9. HP: 74/74 MP: 11/11
  5075 | D:7      | Found a glowing golden altar of the Shining One.
  5360 | D:7      | Reached skill level 5 in Invocations
  5384 | D:7      | Noticed Duvessa
  5385 | D:7      | Noticed Dowan
  5392 | D:7      | Killed Duvessa
  5400 | D:7      | Killed Dowan
  5432 | D:7      | Found a hide-covered altar of Uskayaw.
  6198 | D:8      | Found Jubiz's Antique Weapon Shop.
  6220 | D:8      | Reached skill level 9 in Unarmed Combat
  6367 | D:9      | Noticed a two-headed ogre
  6377 | D:9      | Killed a two-headed ogre
  6378 | D:9      | Reached skill level 10 in Unarmed Combat
  6717 | D:9      | Noticed an elephant
  6741 | D:9      | Killed an elephant
  6742 | D:9      | Reached XP level 10. HP: 86/86 MP: 14/14
  6800 | D:9      | Found a staircase to the Lair.
  6924 | D:9      | Found a broken altar of Ashenzari.
  6948 | D:9      | Reached skill level 5 in Dodging
  7067 | D:10     | Entered Level 10 of the Dungeon
  7067 | D:10     | Noticed a two-headed ogre
  7075 | D:9      | Killed a two-headed ogre
  7109 | D:10     | Reached ***** piety under Makhleb
  7153 | D:10     | Learned a level 3 spell: Frozen Ramparts
  7157 | D:10     | Learned a level 3 spell: Ozocubu's Armour
  7204 | D:10     | Reached skill level 1 in Spellcasting
  7204 | D:10     | Reached skill level 1 in Ice Magic
  7229 | D:10     | Found a staircase to the Orcish Mines.
  7366 | D:10     | Noticed a rust devil
  7439 | D:10     | Found Janal's Distillery.
  7556 | D:10     | Noticed a two-headed ogre
  7568 | D:10     | Killed a two-headed ogre
  7569 | D:10     | Reached XP level 11. HP: 92/92 MP: 15/15
  7592 | D:10     | Noticed Maggie
  7603 | D:10     | Killed Maggie
  7693 | D:10     | Reached skill level 5 in Ice Magic
  7716 | D:10     | Noticed a two-headed ogre
  7724 | D:10     | Killed a two-headed ogre
  8241 | Lair:1   | Entered Level 1 of the Lair of Beasts
  8250 | Lair:1   | Noticed Urug
  8387 | Lair:1   | Killed Urug
  8408 | Lair:1   | Found a transporter.
  8660 | Lair:1   | Reached skill level 11 in Unarmed Combat
  8845 | Lair:1   | Reached XP level 12. HP: 98/104 MP: 18/18
  8881 | Lair:1   | Reached skill level 12 in Unarmed Combat
  8975 | Lair:1   | Found a transporter.
  9297 | Lair:2   | Noticed a boulder beetle
  9350 | Lair:2   | Killed a boulder beetle
  9377 | Lair:2   | Noticed an eight-headed hydra
  9390 | Lair:2   | Killed an eight-headed hydra
  9391 | Lair:2   | Reached skill level 10 in Fighting
  9600 | Lair:2   | Found a gate leading to a gauntlet.
  9615 | Gauntlet | Entered a Gauntlet
  9615 | Gauntlet | Found a transporter.
  9615 | Gauntlet | Found a transporter.
  9615 | Gauntlet | Found a transporter.
  9619 | Gauntlet | Found a transporter.
  9620 | Gauntlet | Found a transporter.
  9629 | Gauntlet | Noticed a death scarab
  9630 | Gauntlet | Found a transporter.
  9631 | Gauntlet | Found the ring of Shadows {Umbra +Inv Stlth+}
  9632 | Gauntlet | Found a transporter.
  9635 | Gauntlet | Found a transporter.
  9635 | Gauntlet | Found a transporter.
  9638 | Gauntlet | Noticed a catoblepas
  9641 | Gauntlet | Found a transporter.
  9644 | Gauntlet | Noticed a death yak
  9645 | Gauntlet | Found the amulet of the Four Winds {rN+ Will+++ Clar}
  9647 | Gauntlet | Noticed a death yak
  9649 | Gauntlet | Found a transporter.
  9649 | Gauntlet | Noticed a death yak
  9651 | Gauntlet | Found a transporter.
  9651 | Gauntlet | Noticed a death yak
  9651 | Gauntlet | Noticed a death yak
  9652 | Gauntlet | Noticed a death yak
  9698 | Gauntlet | Noticed a death scarab
  9710 | Gauntlet | Found the +1 cloak of Starlight {*Dazzle EV+4 Stlth--}
  9969 | Gauntlet | Identified the ring "Kocsew" {rElec Int+4 Dex+2 Slay-3
                  | SInv}
 10026 | Gauntlet | Killed a catoblepas
 10109 | Gauntlet | Noticed a minotaur
 10119 | Gauntlet | Killed a minotaur
 10156 | Gauntlet | Identified the +4 leather armour "Napla" {+Blink rElec
                  | Dex+3}
 10160 | Gauntlet | Got the Opusculum on Viridian Angles
 10641 | Lair:3   | Noticed Josephine
 10751 | Lair:3   | Noticed Nessos
 10758 | Lair:3   | Nessos changed into Nessos the deep troll
 10758 | Lair:3   | Noticed Nessos
 10796 | Lair:2   | Killed Nessos the deep troll
 10826 | Lair:3   | Found a hole to the Spider Nest.
 10915 | Lair:3   | Reached ****** piety under Makhleb
 11038 | Lair:3   | Noticed Sonja
 11045 | Lair:3   | Killed Sonja
 11046 | Lair:3   | Reached XP level 13. HP: 116/116 MP: 19/19
 11285 | Lair:3   | Noticed Kirke
 11299 | Lair:3   | Reached skill level 13 in Unarmed Combat
 11303 | Lair:3   | Killed Kirke
 11360 | Lair:3   | Found a staircase to the Shoals.
 11525 | Lair:3   | Reached skill level 14 in Unarmed Combat
 11643 | Lair:3   | Killed Josephine
 11855 | Lair:3   | Reached skill level 15 in Unarmed Combat
 12424 | Lair:4   | Reached skill level 16 in Unarmed Combat
 12435 | Lair:4   | Found a staircase to the Slime Pits.
 12453 | Lair:4   | Found a viscous altar of Jiyva.
 12964 | Lair:5   | Entered Level 5 of the Lair of Beasts
 13478 | Lair:5   | Reached XP level 14. HP: 129/129 MP: 20/20
 13499 | Lair:5   | Reached skill level 17 in Unarmed Combat
 13790 | Lair:5   | Reached skill level 18 in Unarmed Combat
 14059 | Lair:5   | Identified the +12 long sword of Evisceration {pain, Int+2}
 15724 | D:7      | Bought a potion of experience for 700 gold pieces
 15724 | D:7      | Bought a potion of heal wounds for 70 gold pieces
 15724 | D:7      | Bought a potion of curing for 42 gold pieces
 15724 | D:7      | Reached XP level 15. HP: 135/135 MP: 21/21
 16281 | D:12     | Identified the +5 falchion of Welfare {flame, *Noise Will+
                  | Dex+9 SInv}
 16979 | Orc:1    | Entered Level 1 of the Orcish Mines
 17182 | Orc:1    | Noticed Harold
 17191 | Orc:1    | Killed Harold
 17499 | Orc:1    | Found a shimmering blue altar of Sif Muna.
 17555 | Orc:2    | Entered Level 2 of the Orcish Mines
 17740 | Orc:1    | Reached skill level 15 in Fighting
 17827 | Orc:2    | Reached XP level 16. HP: 122/149 MP: 22/22
 18535 | Orc:2    | Found Koengika's Antique Weapon Boutique.
 18539 | Orc:2    | Found Curr's Antique Armour Shop.
 18574 | Orc:2    | Found Unil's Armour Shop.
 18594 | Orc:2    | Found a staircase to the Elven Halls.
 18756 | Orc:2    | Reached skill level 10 in Invocations
 18761 | Orc:2    | Found Doakk's Armour Shop.
 18858 | Orc:2    | Found Dyamet's Jewellery Boutique.
 18866 | Orc:2    | Reached skill level 1 in Evocations
 19547 | D:13     | Noticed Maurice
 19565 | D:13     | Killed Maurice
 19675 | D:13     | Learned a level 2 spell: Blink
 20303 | D:14     | Reached skill level 10 in Shapeshifting
 20485 | D:14     | Found a glowing silver altar of Zin.
 20684 | D:14     | Noticed Roxanne
 20705 | D:14     | Killed Roxanne
 20881 | D:14     | Identified the +1 pair of gloves "Godaom" {rF+ rCorr}
 20930 | D:14     | Found a gate to the Vaults.
 21211 | D:15     | Entered Level 15 of the Dungeon
 21356 | D:15     | Noticed Louise
 21369 | D:15     | Killed Louise
 21370 | D:15     | Found Deqac's Weapon Boutique.
 22002 | D:15     | Found a staircase to the Depths.
 22231 | Spider:1 | Entered Level 1 of the Spider Nest
 22284 | Spider:1 | Found a hide-covered altar of Uskayaw.
 22944 | Spider:1 | Reached XP level 17. HP: 153/153 MP: 24/24
 24054 | Spider:2 | Gained mutation: Your system is resistant to poisons.
                  | (rPois) [potion of mutation]
 24054 | Spider:2 | Gained mutation: Your body sometimes deteriorates upon
                  | taking damage. [potion of mutation]
 24054 | Spider:2 | Gained mutation: You possess an exceptional clarity of
                  | mind. [potion of mutation]
 24603 | Spider:3 | Reached skill level 15 in Shapeshifting
 25323 | Spider:4 | Entered Level 4 of the Spider Nest
 25852 | Spider:4 | Reached skill level 10 in Dodging
 25950 | Spider:4 | Noticed Arachne
 25969 | Spider:4 | Killed Arachne
 26100 | Spider:4 | Reached XP level 18. HP: 169/169 MP: 25/25
 26211 | Spider:4 | Identified the +0 leather armour of the Lair of Beasts
                  | {rPois MP+9 Int+9 Dex-4}
 26583 | Spider:4 | Reached skill level 19 in Unarmed Combat
 26589 | Spider:4 | Got a gossamer rune of Zot
 26829 | Spider:4 | Identified the scarf "Ikacvil" {+Inv, +Blink Regen+}
 27179 | Shoals:1 | Entered Level 1 of the Shoals
 27782 | Shoals:2 | Found a runed translucent gate.
 27782 | Shoals:2 | Found a runed translucent gate.
 27782 | Shoals:2 | Found a runed translucent gate.
 27782 | Shoals:2 | Found an opulent altar of Gozag.
 27796 | Shoals:2 | Noticed epsilonplus's ghost (adept VSGl)
 27860 | Shoals:2 | You fall into a shaft and drop 1 floor!
 27915 | Shoals:3 | Found a runed translucent gate.
 27915 | Shoals:3 | Found a runed translucent gate.
 27915 | Shoals:3 | Found a runed translucent gate.
 27915 | Shoals:3 | Noticed Juakinleluo's ghost (adept HOFE)
 28053 | Shoals:2 | Reached skill level 5 in Evocations
 28060 | Shoals:2 | Found a frozen archway.
 28074 | IceCv    | Entered an ice cave
 29202 | Shoals:3 | Found Rovahiga's Retail Resort.
 29229 | Shoals:3 | Bought a wand of roots (5) for 156 gold pieces
 29477 | Shoals:3 | Killed Juakinleluo's ghost
 29535 | Shoals:4 | Entered Level 4 of the Shoals
 29565 | Shoals:4 | Identified the ring "Disecsad" {rC+ Slay+4}
 29606 | Shoals:4 | Identified the +1 scimitar of Esomurch {drain, Dex+4}
 29646 | Shoals:4 | Reached XP level 19. HP: 177/177 MP: 26/26
 29664 | Shoals:4 | Reached skill level 10 in Evocations
 29690 | Shoals:4 | Got a barnacled rune of Zot
 29830 | Shoals:4 | Got Qowko's Grimoire of Aeromancy and Topography
 30098 | Shoals:4 | Reached skill level 20 in Unarmed Combat
 30478 | Vaults:1 | Entered Level 1 of the Vaults
 30693 | Vaults:1 | Found the amulet of Vitality {RegenMP++ Regen++}
 30772 | Vaults:1 | Identified the +5 morningstar of Insufficient Pleasure
                  | {pain, rElec MP-9 Str+2}
 31157 | Vaults:1 | Found Mileedie's Magic Scroll Emporium.
 31165 | Vaults:1 | Bought a scroll of teleportation for 60 gold pieces
 31165 | Vaults:1 | Bought a scroll of teleportation for 60 gold pieces
 31165 | Vaults:1 | Bought a scroll of blinking for 150 gold pieces
 31993 | Vaults:2 | Found a staircase to the Crypt.
 32248 | Vaults:2 | Reached XP level 20. HP: 177/180 MP: 27/27
 32500 | Vaults:2 | Identified the +0 ring mail of Kishreo {*Corrode Int+2
                  | SInv}
 33247 | Vaults:3 | Identified the +4 chain mail of the Lair of Beasts {Regen+
                  | rCorr}
 34145 | Vaults:3 | Identified the amulet of Spite {Faith rC- Dex+9 Slay+3
                  | SInv}
 34170 | Vaults:3 | Reached XP level 21. HP: 192/192 MP: 28/28
 35272 | Vaults:4 | Noticed Aizul
 35278 | Vaults:4 | Killed Aizul
 35354 | Vaults:4 | Identified the ring "Teucalik" {+Blink MP+9 Stlth+}
 35373 | Vaults:4 | Noticed Xtahua
 35382 | Vaults:4 | Killed Xtahua
 35393 | Vaults:4 | Found a magical portal.
 35398 | WizLab   | Entered Doroklohe's Tomb
 35606 | WizLab   | Noticed a royal mummy
 35613 | WizLab   | Killed a royal mummy
 36305 | Orc:2    | Bought a storm talisman for 1364 gold pieces
 36660 | Vaults:4 | Identified a scroll of acquirement
 36666 | Vaults:4 | Acquired the +2 cloak of the Thief {*Fog Slay-2 SInv
                  | Stlth+}
 36666 | Vaults:4 | Found the +2 cloak of the Thief {*Fog Slay-2 SInv Stlth+}
 37321 | Crypt:1  | Entered Level 1 of the Crypt
 37407 | Crypt:1  | Lost mutation: You possess an exceptional clarity of mind.
                  | [potion of mutation]
 37407 | Crypt:1  | Lost mutation: Your system is resistant to poisons. (rPois)
                  | [potion of mutation]
 37407 | Crypt:1  | Lost mutation: Your body sometimes deteriorates upon taking
                  | damage. [potion of mutation]
 37407 | Crypt:1  | Gained mutation: Your flesh is very heat resistant. (rF++)
                  | [potion of mutation]
 37407 | Crypt:1  | Gained mutation: You occasionally lose the ability to read
                  | scrolls when taking damage. [potion of mutation]
 37407 | Crypt:1  | Gained mutation: You are dopey. (Int -2) [potion of
                  | mutation]
 37407 | Crypt:1  | Gained mutation: Your system is resistant to poisons.
                  | (rPois) [potion of mutation]
 37408 | Crypt:1  | Lost mutation: Your system is resistant to poisons. (rPois)
                  | [potion of mutation]
 37408 | Crypt:1  | Lost mutation: You occasionally lose the ability to read
                  | scrolls when taking damage. [potion of mutation]
 37408 | Crypt:1  | Lost mutation: Your flesh is very heat resistant. (rF++)
                  | [potion of mutation]
 37408 | Crypt:1  | Gained mutation: Your muscles are strong. (Str +4, Int/Dex
                  | -1) [potion of mutation]
 38075 | Crypt:1  | Reached XP level 22. HP: 205/205 MP: 29/29
 38737 | Crypt:3  | Entered Level 3 of the Crypt
 38991 | Crypt:3  | Noticed Frederick
 38998 | Crypt:3  | Killed Frederick
 39460 | Crypt:3  | Found an ancient bone altar of Kikubaaqudgha.
 39472 | Crypt:3  | Noticed a dread lich
 39478 | Crypt:3  | Killed a dread lich
 39479 | Crypt:3  | Reached skill level 21 in Unarmed Combat
 39489 | Crypt:3  | Identified the ring of Secrets {rN+ Str-2 Dex+5 SInv}
 39492 | Crypt:3  | Identified the ring of the Black Skies {Drain rPois rN+
                  | Int+3 Dex+4}
 39492 | Crypt:3  | Identified the ring "Jousheo" {Contam rElec rN+ Int+7}
 39492 | Crypt:3  | Identified the ring of Bigro {rF- rC+ rN+ Int+4}
 39497 | Crypt:3  | Got the Lectures on Despair
 39498 | Crypt:3  | Identified the +1 scale mail of Shadows and Fog {rF++}
 39505 | Crypt:3  | Noticed an ancient lich
 39518 | Crypt:3  | Killed an ancient lich
 39881 | Crypt:3  | Found a staircase to the Tomb.
 40373 | Depths:1 | Entered Level 1 of the Depths
 40373 | Depths:1 | Found a gateway to Hell.
 40453 | Depths:1 | Reached skill level 22 in Unarmed Combat
 40468 | Depths:1 | Noticed Notoschet's ghost (adept DsFi)
 40470 | Depths:1 | Noticed a juggernaut
 40476 | Depths:1 | Noticed a caustic shrike
 40477 | Depths:1 | Noticed Camaan's ghost (adept DgCj)
 40479 | Depths:1 | Found a transporter.
 40527 | Depths:1 | Found a shimmering altar of Xom.
 40598 | Depths:1 | Noticed Walofim's ghost (adept DrSh)
 40607 | Depths:1 | Found a transporter.
 40883 | Depths:1 | Found a white marble altar of Elyvilon.
 41216 | Depths:2 | Reached XP level 23. HP: 174/216 MP: 32/32
 41633 | Depths:2 | Found a glowing golden altar of the Shining One.
 41740 | Depths:2 | Found a one-way gate leading to the halls of Pandemonium.
 41927 | Depths:3 | Found a runed translucent door.
 41927 | Depths:3 | Found a runed translucent door.
 41927 | Depths:3 | Found the +3 giant club "Skullcrusher" {speed, Str+7}
 41932 | Depths:3 | Noticed a juggernaut
 41938 | Depths:3 | Killed a juggernaut
 41968 | Depths:3 | Found a runed translucent door.
 41968 | Depths:3 | Found a runed translucent door.
 42067 | Depths:3 | Identified the +8 hand crossbow "Kuisup" {heavy, rCorr}
 42089 | Depths:3 | Got the Thoughts on Unspeakable Ceremonies and Adjuration
 42090 | Depths:3 | Identified the staff of Ash {*Corrode rF- rC+++ Int+8 Conj}
 42163 | Depths:3 | Reached skill level 15 in Dodging
 42245 | Depths:3 | Found a one-way gate to the infinite horrors of the Abyss.
 42290 | Depths:3 | Noticed a caustic shrike
 42291 | Depths:3 | Noticed a caustic shrike
 42295 | Depths:3 | Noticed a caustic shrike
 42296 | Depths:3 | Noticed a caustic shrike
 42298 | Depths:3 | Killed a caustic shrike
 42299 | Depths:3 | Noticed a caustic shrike
 42301 | Depths:3 | Killed a caustic shrike
 42302 | Depths:3 | Killed a caustic shrike
 42304 | Depths:3 | Killed a caustic shrike
 42307 | Depths:3 | Killed a caustic shrike
 42314 | Depths:3 | Found Wiohibyv's Distillery.
 42329 | Depths:3 | Bought a potion of heal wounds for 95 gold pieces
 42329 | Depths:3 | Bought a potion of heal wounds for 95 gold pieces
 42329 | Depths:3 | Bought a potion of resistance for 190 gold pieces
 42329 | Depths:3 | Bought a potion of haste for 190 gold pieces
 42329 | Depths:3 | Bought 2 potions of invisibility for 304 gold pieces
 42693 | Depths:4 | Entered Level 4 of the Depths
 42720 | Depths:4 | Found a gate to the Realm of Zot.
 42828 | Depths:4 | Found a one-way gateway to a ziggurat.
 43611 | Depths:4 | Found a glowing silver altar of Zin.
 43611 | Depths:4 | Found a white marble altar of Elyvilon.
 43611 | Depths:4 | Found a glowing golden altar of the Shining One.
 43965 | Vaults:5 | Entered Level 5 of the Vaults
 44093 | Vaults:5 | Reached XP level 24. HP: 231/231 MP: 32/32
 44191 | Vaults:5 | Got a silver rune of Zot
 44295 | Vaults:5 | Identified the +3 great sword of the Muttering Gods
                  | {freeze, Str+2 Int+5}
 44295 | Vaults:5 | Identified the ring of the Moon {rPois rC+ Will+ Str+3}
 44440 | Vaults:5 | Noticed a dread lich
 44441 | Vaults:5 | Identified the ring of Uraid {rPois Will+ rCorr Int+4}
 44445 | Vaults:5 | Killed a dread lich
 44456 | Vaults:5 | Reached skill level 23 in Unarmed Combat
 44778 | Vaults:5 | Identified the +6 long sword of Oga Xia {drain, rN+}
 45031 | Vaults:5 | Found Pogeuc's Armour Emporium.
 45034 | Vaults:5 | Found the macabre finger necklace {Finger+ rN+}
 45273 | Vaults:5 | Reached skill level 24 in Unarmed Combat
 45612 | Zot:1    | Entered Level 1 of the Realm of Zot
 45948 | Slime:1  | Entered Level 1 of the Pits of Slime
 46076 | Slime:5  | Entered Level 5 of the Pits of Slime
 46100 | Slime:5  | Noticed the Royal Jelly
 46105 | Slime:5  | Killed the Royal Jelly
 46106 | Slime:5  | Reached XP level 25. HP: 220/243 MP: 32/32
 46255 | Slime:5  | Reached skill level 25 in Unarmed Combat
 46270 | Slime:5  | Found the +4 robe of Folly {Brill Will-∞ Int+8}
 46296 | Slime:5  | Identified the ring of Xom's Sleight of Hands {rPois rF-
                  | rN+ Int+3 Dex+6}
 46304 | Slime:5  | Identified the +7 glaive "Wurphaiz" {flame, rF++ rC+ Str+3}
 46318 | Slime:5  | Identified the staff "Zepablut" {Fragile rElec Stlth+ Conj
                  | Tmut}
 46338 | Slime:5  | Found the +7 sceptre of Torment {pain, torment}
 46372 | Slime:5  | Identified the staff of Fate {rElec rPois rF+ Str-5 Fire}
 46395 | Slime:5  | Found the ring of the Hare {EV+10}
 46411 | Slime:5  | Got a slimy rune of Zot
 46412 | Slime:5  | Identified the staff "Bujager" {Fragile rElec rN+ Str+3
                  | Dex+2 Necro}
 47236 | Zot:2    | Noticed an orb of fire
 47420 | Zot:5    | Entered Level 5 of the Realm of Zot
 47499 | Zot:5    | Reached skill level 26 in Unarmed Combat
 48210 | Zot:5    | Noticed an orb of fire
 48469 | Zot:5    | Noticed an orb of fire
 48477 | Zot:5    | Killed an orb of fire
 48484 | Zot:5    | Noticed an orb of fire
 48513 | Zot:5    | Killed an orb of fire
 48526 | Zot:5    | Killed an orb of fire
 48536 | Zot:5    | Noticed a dread lich
 48561 | Zot:5    | Reached skill level 27 in Unarmed Combat
 48612 | Zot:5    | Noticed an orb of fire
 48616 | Zot:5    | Gained mutation: You sometimes lose your temper in combat.
                  | [an orb of fire]
 48628 | Zot:5    | Killed an orb of fire
 48671 | Zot:5    | Lost mutation: You are dopey. (Int -2) [potion of mutation]
 48671 | Zot:5    | Lost mutation: Your muscles are strong. (Str +4, Int/Dex
                  | -1) [potion of mutation]
 48671 | Zot:5    | Lost mutation: You sometimes lose your temper in combat.
                  | [potion of mutation]
 48671 | Zot:5    | Gained mutation: Your skin changes colour to match your
                  | surroundings (Stealth+). [potion of mutation]
 48690 | Zot:5    | Paralysed by a dread lich for 2 turns
 48711 | Zot:5    | Killed a dread lich
 48711 | Zot:5    | Noticed an ancient lich
 48717 | Zot:5    | Killed an ancient lich
 48949 | Zot:5    | Reached XP level 26. HP: 254/254 MP: 32/32
 48953 | Zot:5    | Noticed an orb of fire
 48958 | Zot:5    | Noticed an orb of fire
 48966 | Zot:5    | Killed an orb of fire
 48971 | Zot:5    | Killed an orb of fire
 48975 | Zot:5    | Noticed an orb of fire
 48976 | Zot:5    | Noticed an orb of fire
 48977 | Zot:5    | Got the Orb of Zot
 48978 | Zot:5    | Noticed an orb of fire
 48978 | Zot:5    | Noticed a dread lich
 49566 | D:2      | Noticed Viskegou the pandemonium lord
 49575 | D:$      | Escaped with the Orb!

Illustrated notes

Levels and vault maps discovered:
D:1:      dpeg_arrival_simpleton_b, layout_basic,
          hellmonk_ecumenical_altar_zigzags, minmay_tromino_v4_b
D:2:      layout_loops_ring
D:3:      layout_rooms
D:4:      layout_cave_pods, nicolae_overflow_quartered_altars, temple_pool_b
D:5:      layout_basic, nicolae_kite_square_tiling_tiny, uniq_grinder
D:6:      layout_cave_pools
D:7:      layout_basic, nicolae_uskayaw_murder_on_the_dancefloor,
          tso_oasis_becter, serial_shops, nicolae_diamond_shop,
          nicolae_shop_tiny_waterfront, uniq_duvessa
D:8:      layout_loops_ring, serial_shops, nicolae_shop_hallway_plus
D:9:      layout_gridville, ashenzari_altar_1, david_lair_generic,
          nicolae_concentric_dashed_squares_wild
D:10:     layout_small_grid, minmay_orc_entry_temple_large, serial_shops,
          nicolae_shop_window_shopping, uniq_maggie
D:11:     layout_stronghold, serial_ice, serial_ice_n, serial_ice_o,
          serial_ice_g, serial_ice_c, serial_ice_f, serial_ice_a, serial_ice_i,
          serial_ice_d, serial_ice_b, serial_ice_h
D:12:     minmay_the_grid_plus_closed [minmay_the_grid_spikes,
          minmay_the_grid_x, minmay_the_grid_odd_star, minmay_the_grid_rooms,
          minmay_the_grid_prize_diamond_cup], layout_long_grid, special_room
          [special_room_orc]
D:13:     layout_cave_pods, uniq_maurice
D:14:     layout_grid_maze, grunt_vaults_entry_tiered, zin_angel, uniq_roxanne
D:15:     grunt_enter_depths_hoard, layout_basic, serial_shops, shop,
          minmay_misc_feat_nine_boxes, uniq_louise
Lair:1:   gammafunk_cloud_chamber, layout_loops_ring, uniq_urug
Lair:2:   hellmonk_ruined_rings, layout_regular_city, gauntlet_entry_generic
Lair:3:   minmay_lair_oklob_tunnel, layout_regular_city,
          minmay_shoals_entry_hut, nicolae_spider_entry_lesser_pyramids,
          grunt_megastairs_5, uniq_kirke, uniq_josephine, uniq_nessos,
          uniq_sonja
Lair:4:   layout_hall_layers, nicolae_slime_entry_field_trip
Lair:5:   guppyfry_lair_end_dragon, layout_misc_corridors,
          hangedman_lair_caniforms_friends
Shoals:1: cheibrodos_shoals_roost, layout_shoals,
          nicolae_shoals_water_elemental_grotto
Shoals:2: layout_shoals, ebering_ghost_gozag, portal_ice_cave_entry_ugly_swarm
Shoals:3: layout_shoals, ebering_ghost_rock_garden, nicolae_alphabet_shops,
          nicolae_shoals_mertower
Shoals:4: shoals_end_simple, layout_shoals
Spider:1: layout_chambers, nicolae_spider_altar_of_dancing
Spider:2: layout_spider_delve, nicolae_spider_wall_of_niches
Spider:3: layout_spider_delve, drop_trap
Spider:4: johnstein_spider_rune_arachne_lair
Slime:1:  layout_caves
Slime:2:  layout_caves, basic_altar, nicolae_slime_welcoming_committee
Slime:3:  layout_caves
Slime:4:  nicolae_slime_infinislime, layout_caves, uniq_dissolution
Slime:5:  slime_pit_nicolae_trefoil
Orc:1:    minmay_goldmine, layout_caves, led_sif_book, uniq_harold
Orc:2:    grunt_orc_community_town_hall, layout_caves,
          grunt_orc_community_big_house_2, grunt_orc_community_big_house_2,
          grunt_orc_community_house_3, grunt_orc_community_house_2,
          grunt_orc_community_house_1, grunt_orc_community_house_1,
          grunt_orc_community_house_3, serial_shops, shop, basic_altar
Vaults:1: vaults_mumra_hex, v_pattern_4, v_misc_10, v_misc_5,
          ontoclasm_vaults_gateway, nicolae_vaults_surprise_closet_hard,
          layout_vaults_chaotic_city, serial_shops, shop
Vaults:2: hangedman_vaults_pinch, v_misc_15, minmay_crypt_entry_simple_walls,
          st_check, nicolae_vaults_closet_pinwheel_2,
          nicolae_vaults_mini_display_case, nicolae_vaults_shrinking_rooms_2,
          v_misc_10, nicolae_vaults_gold_heap, dpeg_vaults_monster_row,
          nicolae_vaults_little_squares_5, vaults_room_ringed_pool,
          layout_vaults_omnibox, uniq_margery
Vaults:3: nicolae_vaults_mitosis, vaults_mumra_minichess,
          hangedman_vaults_capsules, nicolae_vaults_storage_room_statues,
          st_greater_box_5, nicolae_vaults_trapezoid_1, vaults_dpeg_doors,
          nicolae_vaults_more_shelving_2, v_alt_pattern_1,
          dpeg_vaults_monster_box, layout_vaults_maze_snakey
Vaults:4: mu_enter_wizlab_2, hangedman_vaults_stream,
          nicolae_vaults_sightless_eye, nicolae_vaults_trapezoid_1,
          ontoclasm_vaults_shout, nicolae_vaults_turnstiles, v_misc_28,
          nicolae_vaults_diagonal_hallway_8, nicolae_vaults_more_shelving_1,
          nicolae_vaults_trapezoid_lopsided_2, grunt_vaults_hallway_short,
          layout_vaults_ring, uniq_xtahua, uniq_aizul
Vaults:5: serial_shops
Crypt:1:  layout_gridlike, serial_sigils_hangedman_shear
Crypt:2:  layout_rooms, minmay_misc_feat_hallway,
          amcnicky_mini_corridor_feature, grunt_megastairs_2
Crypt:3:  quadcrypt_mu, uniq_frederick
Depths:1: layout_gridlike, elyvilon_altar_1, nzn_ghost_randoct,
          grunt_metal_band, led_xom_imps
Depths:2: abrahamwl_protected_by_tso_3, layout_cross, rand_demon_pan_entry_9,
          hangedman_coc_ice_floe, infiniplex_staircase_x
Depths:3: impenetrable_vault, layout_cave_pools, hell_entry, serial_shops,
          nicolae_shop_industrial_runoff, abyss_entry, serial_bayou_lagoon_a,
          infiniplex_staircase_spiral_double
Depths:4: grunt_zot_entry_bicorn, layout_honeycomb, enter_ziggurat_f,
          good_gods_mini_temple, rand_demon_pan_entry_3,
          hangedman_tar_grid_catacomb, chequers_serial_rivers_small_a
Zot:1:    cheibrodos_zot_enchanting_chambers, layout_gridlike,
          grunt_ministairs_2
Zot:2:    layout_gridlike, hangedman_player_shredder, lemuel_elevator,
          grunt_megastairs_3, uniq_vv
Zot:3:    layout_basic, lemuel_golem_globe
Zot:4:    layout_concentric_octagons, basic_altar, uniq_tiamat, uniq_josephina
Zot:5:    layout_gridlike, guppyfry_library_mini

Skill      XL: |  1  2  3  4  5  6  7  8  9 10 11 12 13 14 15 16 17 18 19 20 21 22 23 24 25 26 |
---------------+-------------------------------------------------------------------------------+-----
Unarmed Combat | 3 4 5 6 7 8 10 11 12 16 18 19 20 22 24 27 | 27.0
Invocations    | 3 6 8 10 12 | 12.0
Fighting       | 5 7 9 11 13 15 17 19 20 21 23 24 25 | 25.0
Shapeshifting  | 2 6 7 9 13 15 17 20 21 | 21.0
Dodging        | 3 5 7 9 10 12 14 16 | 16.0
Spellcasting   | 2 |  2.0
Ice Magic      | 4 5 6 |  6.0
Evocations     | 1 9 10 12 | 12.0
Shields        | |  3.0

Action                     |  1- 3 |  4- 6 |  7- 9 | 10-12 | 13-15 | 16-18 | 19-21 | 22-24 | 25-27 || total
---------------------------+-------+-------+-------+-------+-------+-------+-------+-------+-------++-------
  Melee: Unarmed           |   152 |   108 |   314 |   535 |   765 |  1476 |  1405 |  1011 |   397 ||  6163
         Tailslap          |    12 |    20 |    54 |   101 |   137 |   227 |   303 |     1 |       ||   855
         Maw               |       |       |       |       |   155 |   101 |       |       |       ||   256
         Punch             |       |       |       |       |       |       |     2 |   195 |    91 ||   288
   Cast: Frozen Ramparts   |       |       |       |       |     3 |     1 |       |       |       ||     4
         Ozocubu's Armour  |       |       |       |       |     2 |     1 |       |       |       ||     3
         Blink             |       |       |       |       |       |     1 |       |       |       ||     1
 Invoke: Minor Destruction |       |    17 |    81 |    98 |   171 |   139 |     3 |       |       ||   509
         Lesser Servant of |       |       |       |     4 |     2 |     7 |       |       |       ||    13
         Major Destruction |       |       |       |       |     4 |     9 |     5 |     1 |     1 ||    20
Ability: Breathe Fire      |       |       |    17 |    15 |    20 |    10 |       |       |       ||    62
         Evoke Invisibilit |       |       |       |       |       |       |     1 |       |       ||     1
         Blinkbolt         |       |       |       |       |       |       |     2 |    27 |     8 ||    37
  Evoke: Wand              |       |       |       |     4 |     1 |     4 |     6 |       |     1 ||    16
         Tin of tremorston |       |       |       |       |     1 |     3 |     5 |     2 |       ||    11
    Use: Scroll            |       |     5 |     6 |     8 |     9 |    12 |     3 |     1 |     9 ||    53
         Potion            |       |     1 |     1 |     3 |     1 |     1 |     3 |     4 |    11 ||    25
   Stab: Sleeping          |       |     1 |       |       |     1 |     1 |     4 |     1 |     2 ||    10
         Paralysed         |       |       |       |     1 |       |       |       |       |       ||     1
         Distracted        |       |       |       |       |     1 |     2 |       |       |       ||     3
         Invisible         |       |       |       |       |       |       |     3 |     3 |       ||     6
 Armour: Skin              |    31 |    13 |    58 |    86 |   106 |   674 |   638 |    55 |    17 ||  1678
  Dodge: Dodged            |    80 |    56 |   241 |   421 |   469 |  1695 |  1789 |  1056 |   394 ||  6201
  Block: Buckler           |    14 |    27 |    71 |     1 |   131 |   453 |   539 |       |       ||  1236
         Reflection        |       |       |     2 |       |       |       |       |       |       ||     2
   Form: Flux              |       |       |     1 |       |       |       |       |       |       ||     1
         Maw               |       |       |       |       |     1 |       |       |       |       ||     1
         Statue            |       |       |       |       |       |     1 |     1 |       |       ||     2
         Storm             |       |       |       |       |       |       |     1 |     1 |       ||     2

Table legend: (Time is in decaauts)
 A = Elapsed time spent in this place.
 B = Non-inter-level travel time spent in this place.
 C = Inter-level travel time spent in this place.
 D = Time resting spent in this place.
 E = Time spent auto-exploring this place.
 F = Levels seen in this place.
 G = Mean time per level.
                   A        B        C        D        E       F      G
               +--------+--------+--------+--------+--------+-----+--------+
         Total |  55314 |  49250 |   6064 |   4740 |  24900 |  55 | 1005.7 |
       Dungeon |  14999 |  12394 |   2605 |   1050 |   8166 |  15 |  999.9 |
          Lair |   6004 |   5381 |    623 |    559 |   2904 |   5 | 1200.8 |
        Shoals |   4173 |   3984 |    189 |    127 |   2139 |   4 | 1043.2 |
   Spider Nest |   7033 |   6581 |    452 |   1149 |   2852 |   4 | 1758.2 |
    Slime Pits |    521 |    469 |     52 |     79 |      0 |   5 |  104.2 |
  Orcish Mines |   2279 |   1999 |    280 |    312 |    934 |   2 | 1139.5 |
        Vaults |   9786 |   8696 |   1090 |    529 |   3894 |   5 | 1957.2 |
         Crypt |   3095 |   2948 |    147 |     89 |   1306 |   3 | 1031.7 |
        Depths |   3537 |   3022 |    515 |    117 |   2121 |   4 |  884.2 |
           Zot |   2063 |   1956 |    107 |    530 |    381 |   5 |  412.6 |
      Ice Cave |    612 |    612 |      0 |     64 |      0 |   1 |  612.0 |
        Wizlab |    657 |    657 |      0 |     52 |     91 |   1 |  657.0 |
      Gauntlet |    549 |    549 |      0 |     81 |    109 |   1 |  549.0 |
               +--------+--------+--------+--------+--------+-----+--------+

Top non-repeatable levels by time:
Vaults:3: 2786 daAuts
Spider:4: 2465 daAuts
Spider:1: 2167 daAuts
Vaults:2: 2165 daAuts
Vaults:1: 2079 daAuts
  Lair:5: 1524 daAuts
Vaults:4: 1514 daAuts
   Zot:5: 1514 daAuts
  Lair:3: 1422 daAuts
 Crypt:3: 1375 daAuts
    D:12: 1341 daAuts
    D:14: 1336 daAuts
    D:11: 1314 daAuts
Spider:3: 1241 daAuts
Vaults:5: 1240 daAuts
